 Dungeon Crawl Stone Soup version 0.28-a0-771-g91a516d0e7 (webtiles) character file.

Game seed: 17094721551653866197

32 Ijustatesigmund the Shield-Bearer (level 3, 0/32 (35) HPs)
             Began as a Gnoll Fighter on Nov 1, 2021.
             Slain by a gnoll (5 damage)
             ... on level 2 of the Dungeon.
             The game lasted 00:00:56 (1331 turns).

Ijustatesigmund the Shield-Bearer (Gnoll Fighter)   Turns: 1331, Time: 00:00:57

HP:   0/32 (35)     AC:  7    Str: 15    XL:     3   Next: 27%
MP:   4/4           EV:  9    Int:  8    God:
Gold: 39            SH:  5    Dex: 11    Spells: 3/3 levels left

rFire   . . .      SeeInvis .   a - +0 war axe
rCold   . . .      Faith    .   c - +0 buckler
rNeg    . . .      Spirit   .   b - +0 scale mail
rPois   .          Reflect  .   (no helmet)
rElec   .          Harm     .   (no cloak)
rCorr   .          Rampage  .   (no gloves)
Will    .....                   (no boots)
Stlth   ..........              (no amulet)
HPRegen 0.10/turn               (no ring)
MPRegen 0.09/turn               (no ring)

@: drained
A: fangs 1, strong nose, distributed training
a: no special abilities


You were on level 2 of the Dungeon.
You visited 1 branch of the dungeon, and saw 2 of its levels.

You collected 39 gold pieces.

Inventory:

Hand Weapons
 a - a +0 war axe (weapon)
Armour
 b - a +0 scale mail (worn)
 c - a +0 buckler (worn)
Scrolls
 e - a scroll of identify {unknown}
 g - 3 scrolls of teleportation {unknown}
 h - 2 scrolls of vulnerability {unknown}
Potions
 d - 2 potions of might
 f - a potion of heal wounds {unknown}
 i - a potion of resistance {unknown}
 j - a potion of invisibility {unknown}
 k - a potion of attraction {unknown}


   Skills:
 + Level 6.5 Fighting
 + Level 0.7 Short Blades
 + Level 0.7 Long Blades
 + Level 4.5 Axes
 + Level 0.7 Maces & Flails
 + Level 0.7 Polearms
 + Level 0.7 Staves
 + Level 0.7 Slings
 + Level 0.7 Bows
 + Level 0.7 Crossbows
 + Level 0.7 Throwing
 + Level 6.5 Armour
 + Level 0.7 Dodging
 + Level 0.7 Stealth
 + Level 6.5 Shields
 + Level 0.7 Unarmed Combat
 + Level 0.7 Spellcasting
 + Level 0.5 Conjurations
 + Level 0.5 Hexes
 + Level 0.5 Summonings
 + Level 0.5 Necromancy
 + Level 0.5 Translocations
 + Level 0.5 Transmutations
 + Level 0.5 Fire Magic
 + Level 0.5 Ice Magic
 + Level 0.5 Air Magic
 + Level 0.5 Earth Magic
 + Level 0.5 Poison Magic
 + Level 0.9 Invocations
 + Level 0.7 Evocations


You had 3 spell levels left.
You didn't know any spells.
Your spell library was empty.

Dungeon Overview and Level Annotations

Branches:
Dungeon (2/15)

Altars:
Sif Muna


Innate Abilities, Weirdness & Mutations

You have very sharp teeth.
Your uncanny sense of smell can sniff out nearby items.
Your experience applies equally to all skills.


Message History

HP restored.
k - a lumpy cyan potion 3 gnolls come into view.
A gnoll is wielding a +2 flail of draining.
The gnoll shouts!
You see here an adder corpse.
The gnoll barely misses you.
The gnoll hits you from afar with a +0 halberd.
The gnoll hits you but does no damage.
You barely miss the gnoll.
The gnoll hits you from afar with a +0 halberd!
You barely miss the gnoll. You bite the gnoll, but do no damage.
You slash the gnoll!
The gnoll hits you with a +2 flail of draining.
You feel drained. The gnoll closely misses you.
The gnoll hits you with a +0 spear.
You are too injured to fight recklessly!
You are too injured to fight recklessly!
You are too injured to fight recklessly!
You are too injured to fight recklessly!
You are too injured to fight recklessly!
You are too injured to fight recklessly!
You are too injured to fight recklessly!
You are too injured to fight recklessly!
You are too injured to fight recklessly!
You are too injured to fight recklessly!
You are too injured to fight recklessly!
You are too injured to fight recklessly!
You are too injured to fight recklessly!
You are too injured to fight recklessly!
You are too injured to fight recklessly!
You hit the gnoll but do no damage. You bite the gnoll, but do no damage.
The gnoll is heavily wounded.
You slash the gnoll!
The gnoll hits you with a +2 flail of draining!
* * * LOW HITPOINT WARNING * * *
You feel drained.
* * * LOW HITPOINT WARNING * * *
You block the gnoll's attack. The gnoll hits you with a +0 spear.
You die...

##.#.#.#.##.#..#.#..
#....#.#.##.#....###
#....#.#.##......#.. #
#....#.#.##......#.#
#.###......#.##.._..##.#
..........#.............
#.?..†.......)....#.#
#....###.....##...#.#
#..g@# #.....######.#
#...g# #####... ..#
#.g..# ##### ### #....#
#....# #.#### .#### #.
..... .. ..... .....


You could see 3 gnolls.

Vanquished Creatures
  An adder (D:2)
  2 dart slugs (D:1)
  A ball python (D:1)
  3 endoplasms (D:1)
  3 goblins (D:1)
  4 quokkas (D:1)
  2 kobolds (D:1)
  3 rats (D:1)
19 creatures vanquished.

Notes
Turn   | Place    | Note
-------+----------+-------------------------------------------
     0 | D:1      | Ijustatesigmund the Gnoll Fighter began the quest for the
                  | Orb.
     0 | D:1      | Reached XP level 1. HP: 23/23 MP: 1/1
   331 | D:1      | Reached XP level 2. HP: 29/29 MP: 2/2
   402 | D:1      | Found a faded altar of an unknown god.
   963 | D:1      | Reached XP level 3. HP: 35/35 MP: 3/3
  1225 | D:2      | Found a shimmering blue altar of Sif Muna.
  1331 | D:2      | Slain by a gnoll

Illustrated notes

Levels and vault maps discovered:
D:1:      dpeg_arrival_court, layout_loops_corners,
          hellmonk_ecumenical_altar_prayer_group
D:2:      layout_basic, basic_altar

Action                   || total
-------------------------++-------
Melee: War axe           ||    65
       Bite              ||     8
Armor: Scale mail        ||    25
Dodge: Dodged            ||    30
Block: Buckler           ||    20

Table legend: (Time is in decaauts)
 A = Elapsed time spent in this place.
 B = Non-inter-level travel time spent in this place.
 C = Inter-level travel time spent in this place.
 D = Time resting spent in this place.
 E = Time spent auto-exploring this place.
 F = Levels seen in this place.
 G = Mean time per level.
                   A        B        C        D        E       F      G
               +--------+--------+--------+--------+--------+-----+--------+
         Total |   1348 |   1304 |     44 |    111 |   1045 |   2 |  674.0 |
       Dungeon |   1348 |   1304 |     44 |    111 |   1045 |   2 |  674.0 |
               +--------+--------+--------+--------+--------+-----+--------+

Top non-repeatable levels by time:
     D:1: 1162 daAuts
     D:2: 185 daAuts
